 Dungeon Crawl Stone Soup version 0.28-a0-429-g1448048969 (webtiles) character file.

Game seed: 7178950013739464940

252 D12ThenQuit the Skirmisher (level 6, -2/53 HPs)
             Began as a Merfolk Brigand on Sept 10, 2021.
             Slain by an ogre (13 damage)
             ... on level 4 of the Dungeon.
             The game lasted 00:06:21 (3462 turns).

D12ThenQuit the Skirmisher (Merfolk Brigand)        Turns: 3462, Time: 00:06:21

Health: -2/53      AC: 11    Str: 12    XL:     6   Next: 13%
Magic:  6/6        EV: 25    Int: 11    God:
Gold:   141        SH:  0    Dex: 16    Spells: 5/5 levels left

rFire   . . .      SeeInvis .   a - +1 dagger (speed)
rCold   . . .      Faith    .   (no shield)
rNeg    . . .      Spirit   .   i - +4 ring mail
rPois   .          Reflect  .   (no helmet)
rElec   .          Harm     .   c - +0 cloak
rCorr   .          Rampage  .   l - +0 pair of gloves
Will    .....                   (no boots)
Stlth   ++........              j - amulet of the acrobat
HPRegen 0.17/turn               (no ring)
MPRegen 0.10/turn               (no ring)

@: acrobatic
A: (nimble swimmer 2), mertail
a: no special abilities


You were on level 4 of the Dungeon.
You visited 1 branch of the dungeon, and saw 4 of its levels.

You collected 141 gold pieces.

Inventory:

Hand Weapons
 a - a +1 dagger of speed (weapon)
 t - a +2 dagger
Missiles
 d - 30 poisoned darts (quivered)
 e - 2 curare-tipped darts
Armour
 b - a +0 robe
 c - a +0 cloak (worn)
 i - a +4 ring mail (worn)
 l - a +0 pair of gloves (worn)
Jewellery
 j - an amulet of the acrobat (around neck)
Scrolls
 g - a scroll of fear {unknown}
 k - a scroll of silence {unknown}
 m - a scroll of blinking {unknown}
 n - a scroll of enchant weapon {unknown}
 q - 3 scrolls of enchant armour {unknown}
Potions
 f - a potion of brilliance
 h - a potion of magic {unknown}
 o - 2 potions of curing
 p - a potion of might
 r - a potion of mutation {unknown}
 s - a potion of lignification {unknown}


   Skills:
 + Level 6.9 Fighting
 - Level 2.4 Short Blades
 - Level 2.0 Throwing
 + Level 1.4 Dodging
 - Level 4.3 Stealth


You had 5 spell levels left.
You didn't know any spells.
Your spell library was empty.

Dungeon Overview and Level Annotations

Branches:
Dungeon (4/15)
 Temple: D:4-7

Altars:
Ru

Portals:
Abyss: D:4

Annotations:
D:3 yellowboar's ghost, amateur GnWn
D:4 SkeletonJelly's ghost, amateur HuCK


Innate Abilities, Weirdness & Mutations

((You are quick and stealthy near water. (Stealth+, EV+, Speed+++)))
Your lower body shifts to a powerful aquatic tail in water.


Message History

Aim: an ogre, wielding a +0 giant club (poisoned, 77% to hit)
You throw a poisoned dart. The poisoned dart hits the ogre.
The ogre looks even sicker.
Throw: 31 darts (poison)
Press: ? - help, Q - select action, (/) - cycle Shift-Dir - straight line, f/p - ogre
Aim: an ogre, wielding a +0 giant club (lightly wounded, very poisoned, 77% to hit)
You throw a poisoned dart. The poisoned dart hits the ogre.
The ogre looks even sicker.
The ogre is lightly wounded.
You hit the ogre.
The ogre is moderately wounded.
Your ring mail prevents you from hitting the ogre.
The ogre is moderately wounded.
The ogre hits you with a +0 giant club!
You barely miss the ogre.
The ogre is moderately wounded.
You hit the ogre.
The ogre is severely wounded.
The ogre hits you with a +0 giant club.
You closely miss the ogre.
The ogre is severely wounded.
You barely miss the ogre.
The ogre is severely wounded.
The ogre hits you with a +0 giant club!
Your ring mail prevents you from hitting the ogre.
The ogre is severely wounded.
You barely miss the ogre.
The ogre is severely wounded.
The ogre hits you with a +0 giant club!!
* * * LOW HITPOINT WARNING * * *
You aren't carrying any items that you can evoke.
Unknown command.
The ogre looks more healthy.
Unknown command.
The white imp shouts, "Begone, thou warped nut-hook socdollager!"
Okay, then.
Okay, then.
Unknown command.
The ogre hits you with a +0 giant club!
You die...

#..##....##.....##.
#...#...>......(..
#.#................
#............#.#...
#.#.......... .. #
#.......... .
#.......... ...
#....(..... ...
##@.....##. ..
##O....♣# #.
#...#### #. #..##
©.. #. #..♣ #^# #
#..## ## # #...# #
#...# ## ♣# ##
#..###^K.###...#♣#.


You could see an ogre.

Vanquished Creatures
  A scorpion (D:3)
  7 adders (D:3)
  4 gnolls (D:3)
  A worm (D:3)
  4 dart slugs
  3 orcs (D:3)
  8 ball pythons
  8 endoplasms
  5 giant cockroaches
  6 goblins
  6 hobgoblins
  5 kobolds
  6 quokkas
  5 bats
  3 frilled lizards
  6 rats
78 creatures vanquished.

Notes
Turn   | Place    | Note
-------+----------+-------------------------------------------
     0 | D:1      | D12ThenQuit the Merfolk Brigand began the quest for the
                  | Orb.
     0 | D:1      | Reached XP level 1. HP: 16/16 MP: 1/1
   241 | D:1      | Reached skill level 3 in Fighting
   241 | D:1      | Reached XP level 2. HP: 24/24 MP: 2/2
   767 | D:2      | Reached XP level 3. HP: 29/30 MP: 3/3
   872 | D:2      | Found a sacrificial altar of Ru.
   945 | D:2      | Reached skill level 4 in Fighting
   949 | D:2      | Found a faded altar of an unknown god.
  1553 | D:3      | Reached XP level 4. HP: 31/38 MP: 4/4
  1902 | D:3      | Reached skill level 5 in Fighting
  2034 | D:3      | Reached XP level 5. HP: 22/45 MP: 5/5
  2337 | D:3      | Noticed yellowboar's ghost (amateur GnWn)
  2338 | D:3      | Found a runed translucent door.
  2433 | D:3      | Reached skill level 6 in Fighting
  2861 | D:3      | Reached XP level 6. HP: 22/53 MP: 6/6
  3363 | D:4      | Found a one-way gate to the infinite horrors of the Abyss.
  3363 | D:4      | Noticed SkeletonJelly's ghost (amateur HuCK)
  3462 | D:4      | Slain by an ogre

Illustrated notes

Levels and vault maps discovered:
D:1:      scummos_arrival_checkerplants, layout_loops_ring
D:2:      layout_rooms, basic_altar, shapermc_ecumenical_altar_totnotflames,
          dk_noncrumbling_4
D:3:      layout_loops_ring, hellmonk_ghost_happy_afterlife,
          minmay_pentomino_pile
D:4:      layout_rooms, nicolae_ossuary_entry_monument,
          gammafunk_ghost_abyssal_escape

Skill      XL: |  1  2  3  4  5 |
---------------+----------------+-----
Fighting       | 3 4 5 6 |  6.9
Short Blades   | |  2.4
Throwing       | |  2.0
Dodging        | |  1.4
Stealth        | |  4.3

Action                   |  1- 3 |  4- 6 || total
-------------------------+-------+-------++-------
Melee: Dagger            |   150 |   189 ||   339
Throw: Dart              |       |    11 ||    11
  Use: Scroll            |       |     3 ||     3
       Potion            |       |     2 ||     2
 Stab: Sleeping          |     6 |     2 ||     8
Armor: Robe              |     7 |       ||     7
       Ring mail         |    37 |    68 ||   105
Dodge: Dodged            |    69 |    84 ||   153

Table legend: (Time is in decaauts)
 A = Elapsed time spent in this place.
 B = Non-inter-level travel time spent in this place.
 C = Inter-level travel time spent in this place.
 D = Time resting spent in this place.
 E = Time spent auto-exploring this place.
 F = Levels seen in this place.
 G = Mean time per level.
                   A        B        C        D        E       F      G
               +--------+--------+--------+--------+--------+-----+--------+
         Total |   3415 |   3372 |     43 |    827 |   1467 |   4 |  853.8 |
       Dungeon |   3415 |   3372 |     43 |    827 |   1467 |   4 |  853.8 |
               +--------+--------+--------+--------+--------+-----+--------+

Top non-repeatable levels by time:
     D:3: 1746 daAuts
     D:2: 734 daAuts
     D:1: 733 daAuts
     D:4: 200 daAuts
